 Dungeon Crawl Stone Soup version 0.30-a0-135-g630cfc4551 (webtiles) character file.

Game seed: 4797369914282859875

22008 Flugkiller the Carver (level 13, -5/106 HPs)
             Began as a Formicid Hunter on Sept 20, 2022.
             Was a Believer of Uskayaw.
             Slain by a catoblepas (29 damage)
             ... on level 3 of the Lair of Beasts.
             The game lasted 00:20:14 (20188 turns).

Flugkiller the Carver (Formicid Hunter)            Turns: 20188, Time: 00:20:15

Health: -5/106     AC: 10    Str: 17    XL:     13   Next: 24%
Magic:  13/13      EV: 15    Int: 11    God:    Uskayaw [**....]
Gold:   771        SH: 20    Dex: 21    Spells: 12/12 levels left

rFire   + + .      SeeInvis +    b - +5 great sword (freeze)
rCold   + + .      Faith    .    g - +4 tower shield of Sukhedgh {rF++ Str+2}
rNeg    . . .      Spirit   .    u - +3 leather armour of Theory {rPois}
rPois   +          Reflect  .    (helmet unavailable)
rElec   .          Harm     .    (no cloak)
rCorr   .          Rampage  .    J - +0 pair of gloves
Will    +....                    I - +2 pair of boots
Stlth   ++........               (no amulet)
HPRegen 0.27/turn                c - ring of protection from cold
MPRegen 0.13/turn                p - ring of protection from cold

@: no status effects
A: permanent stasis, dig shafts and tunnels, antennae 3, four strong arms
a: Dig, Shaft Self, Renounce Religion, Stomp, Line Pass


You were on level 3 of the Lair of Beasts.
You worshipped Uskayaw.
Uskayaw was noncommittal.
You visited 3 branches of the dungeon, and saw 15 of its levels.

You collected 897 gold pieces.
You spent 126 gold pieces at shops.

Inventory:

Hand Weapons
 a - a +1 shortbow
 b - a +5 great sword of freezing (weapon)
   (You took it off a wight on level 8 of the Dungeon)
 k - a +2 rapier of venom
   (You found it on level 8 of the Dungeon)
Missiles
 y - 6 curare-tipped darts
Armour
 g - the +4 tower shield of Sukhedgh (worn) {rF++ Str+2}
   (You acquired it on level 5 of the Dungeon)

   Str:       It affects your strength (+2).
   rF:        It greatly protects you from fire.
 t - +0 acid dragon scales
   (You found it on level 8 of the Dungeon)
 u - the +3 leather armour of Theory (worn) {rPois}
   (You found it on level 5 of the Dungeon)

   rPois:     It protects you from poison.
 v - the +0 pair of boots of Defiance {rPois Regen+ MP+9}
   (You found it on level 1 of the Lair of Beasts)

   rPois:     It protects you from poison.
   MP:        It affects your magic capacity (+9).
   Regen:     It increases your rate of health regeneration.
 E - a +0 buckler
   (You found it on level 9 of the Dungeon)
 I - a +2 pair of boots (worn)
   (You found it on level 9 of the Dungeon)
 J - a +0 pair of gloves (worn)
   (You found it on level 4 of the Dungeon)
Jewellery
 c - a ring of protection from cold (left hand)
   (You found it on level 5 of the Dungeon)
 p - a ring of protection from cold (right hand)
   (You found it on level 5 of the Dungeon)
 z - a ring of positive energy
   (You found it on level 3 of the Lair of Beasts)
Wands
 e - a wand of flame (12)
   (You took it off Edmund on level 6 of the Dungeon)
 s - a wand of charming (6)
   (You found it on level 4 of the Dungeon)
 A - a wand of mindburst (12)
   (You found it on level 5 of the Dungeon)
 F - a wand of digging (6)
   (You bought it in a shop on level 9 of the Dungeon)
 G - a wand of acid (5)
   (You found it on level 2 of the Lair of Beasts)
Scrolls
 d - a scroll of vulnerability
 f - 4 scrolls of magic mapping
 m - a scroll of enchant weapon
 r - a scroll of silence
 w - 2 scrolls of brand weapon
 B - 6 scrolls of immolation
 H - 2 scrolls of fog
Potions
 h - 4 potions of haste
 i - a potion of invisibility
 j - a potion of mutation {unknown}
 l - a potion of heal wounds {unknown}
 n - 3 potions of brilliance
 o - 2 potions of attraction
 q - 5 potions of curing
 x - a potion of berserk rage {unknown}
 C - a potion of magic {unknown}
 K - 6 potions of ambrosia


   Skills:
 + Level 11.0 Fighting
 * Level 11.3 Long Blades
 - Level 10.2 Ranged Weapons
 + Level 9.1 Dodging
 - Level 1.2 Stealth
 + Level 6.0 Shields
 - Level 6.0 Evocations


You had 12 spell levels left.
You didn't know any spells.
Your spell library contained the following spells:

 Spells                   Type           Power      Damage    Failure   Level
 Foxfire                  Conj/Fire      0%         2x1d4     94%         1
 Magic Dart               Conj           0%         1d3       94%         1
 Shock                    Conj/Air       0%         1d3       94%         1
 Slow                     Hex            0%         N/A       94%         1
 Sublimation of Blood     Necr           0%         N/A       98%         2
 Wereblood                Tmut           0%         N/A       98%         2
 Confusing Touch          Hex            0%         N/A       100%        3
 Gell's Gravitas          Tloc           0%         N/A       100%        3
 Inner Flame              Hex/Fire       0%         N/A       100%        3
 Kindle Blastsparks       Fire/Tloc/Air  0%         2d10      100%        3
 Lesser Beckoning         Tloc           0%         N/A       100%        3
 Teleport Other           Tloc           0%         N/A       100%        3
 Vampiric Draining        Necr           0%         2d6       100%        3
 Flame Wave               Conj/Fire      0%         2d4       100%        4
 Olgreb's Toxic Radiance  Pois           0%         N/A       100%        4
 Ozocubu's Refrigeration  Ice            0%         4d7       100%        7
 Summon Hydra             Summ           0%         N/A       100%        7
 Ignition                 Fire           0%         3d3       100%        8
 Maxwell's Capacitive Co  Air            0%         ∞         100%        8
 Fire Storm               Conj/Fire      0%         5d1       100%        9


Dungeon Overview and Level Annotations

Branches:
Dungeon (11/15) Zot: 24814  Temple (1/1) D:5 Zot: 5904    Lair (3/5) D:11 Zot: 12927
 Shoals (0/4) Lair:3       Spider (0/4) Lair:2
    Orc: D:9-12

Altars:
Ashenzari
Cheibriados
Dithmenos
Fedhas
Hepliaklqana
Kikubaaqudgha
Nemelex Xobeh
Okawaru
Ru
Trog
Uskayaw
Xom
Yredelemnul
Zin
The Shining One

Shops:
D:9 *

Annotations:
D:3 2 runed translucent doors, Crazy Yiuf; qtw55's ghost, amateur KoBr
D:4 Dowan; Duvessa
Lair:3 Amaemon


Innate Abilities, Weirdness & Mutations

You cannot be hasted, slowed, berserked, paralysed or teleported.
You can dig through walls and to a lower floor.
You have a pair of large antennae on your head. (SInv)
Your four strong arms can wield two-handed weapons with a shield.


Message History

You slice the blink frog!! You freeze the blink frog!
You kill the blink frog!
Your Shields skill increases to level 6!
z - a ring of positive energy
Okay, then.
As you read the scroll of magic mapping, it crumbles to dust.
You feel aware of your surroundings.
You sensed 1 shop/portal.
Unknown command.
You can no longer pass through a line of other dancers.
You hear the rapid rumble of a distant avalanche of rocks.
The water moccasin hisses angrily.
You slice the water moccasin!!
The water moccasin seems to slow down.
You freeze the water moccasin.
You kill the water moccasin!
No target in view!
No target in view!
The sound of falling rocks suddenly begins to subside.
The water moccasin hisses angrily.
You slash the water moccasin!
The water moccasin seems to slow down.
You freeze the water moccasin.
The water moccasin is moderately wounded.
The water moccasin bites you.
The water moccasin bites you but does no damage.
You miss the water moccasin.
The water moccasin is moderately wounded.
The water moccasin bites you.
You are poisoned.
The water moccasin poisons you!
You slash the water moccasin!
The water moccasin seems to slow down.
You freeze the water moccasin.
The water moccasin is severely wounded.
You feel very sick. The water moccasin bites you.
You block the water moccasin's attack.
You slice the water moccasin!! You freeze the water moccasin.
You kill the water moccasin!
You feel sick.
No target in view!
You feel sick.
The walls and floor vibrate strangely for a moment.
You feel sick.
The catoblepas bellows!
A catoblepas is nearby!
You feel sick.
You feel sick.
You feel sick.
You feel sick.
You are no longer poisoned.
The catoblepas breathes a plume of calcifying dust at you.
The blast of calcifying dust hits you.
A komodo dragon comes into view.
There is a stone staircase leading up here.
The catoblepas breathes a plume of calcifying dust at you.
The blast of calcifying dust hits you but does no damage.
You slice the catoblepas!! You freeze the catoblepas.
The catoblepas is moderately wounded.
You block the catoblepas's attack.
The catoblepas breathes a plume of calcifying dust at you.
The blast of calcifying dust hits you but does no damage.
You slice the catoblepas!! You freeze the catoblepas.
The catoblepas is severely wounded.
You are engulfed in calcifying dust.
You are slowing down.
You block the catoblepas's attack.
You can now pass through a line of other dancers.
The catoblepas gores you!!
Your limbs are stiffening.
Unknown command.
Okay, then.
Okay, then.
You hit the catoblepas. You freeze the catoblepas.
The catoblepas is severely wounded.
You block the catoblepas's attack.
The catoblepas breathes a plume of calcifying dust at you.
The blast of calcifying dust hits you but does no damage.
You block the catoblepas's attack.
You have turned to stone.
You are engulfed in calcifying dust.
The catoblepas gores you!
You are engulfed in calcifying dust.
The catoblepas gores you! The catoblepas gores you. The catoblepas gores you!!
The catoblepas gores you but does no damage.
The catoblepas gores you.
You can no longer pass through a line of other dancers.
The catoblepas barely misses you.
You turn to flesh and can move again.
You slash the catoblepas! You freeze the catoblepas.
The catoblepas is severely wounded.
The catoblepas breathes a plume of calcifying dust at you.
The blast of calcifying dust hits you.
You can now pass through a line of other dancers.
The catoblepas attacks as you move away!
The catoblepas gores you!
You hit the catoblepas but do no damage.
The catoblepas is severely wounded.
You block the catoblepas's attack.
You hit the catoblepas but do no damage.
The catoblepas is severely wounded.
The catoblepas breathes a plume of calcifying dust at you.
The blast of calcifying dust hits you!
* * * LOW HITPOINT WARNING * * *
The catoblepas gores you!!
You die...

***,,,,,,,,* *.#........#
##.........* #.........#*
##........##
********#..........####
*,*,,**,#......§....#.##*##
**,,,,,..,,#...§.......##.##
**,,,,,,....,*#.@...........#
,,,,,,,,.....##§Y...........####
,,,,,,,,........†<...........#.#
,,,,,,,,...~~..~.~............##
,,,,,,,,..~#~~~.###...........P#
,,,,,,,,..~##~~.~#.............##
,,,,,,,,,,,~#..~~................
,,,,,,,,,,,.~.>..~..##...#.......
,,,*,****,..#~..~#..##.#.#.......


You could see a catoblepas.

Vanquished Creatures
  Erolcha (D:10)
  A hydra (Lair:3)
  A two-headed ogre (D:9)
  A boulder beetle (D:11)
  A deep troll (Lair:1)
  Pikel (D:9)
  A cyclops (D:11)
  2 cane toads (Lair:1)
  An unseen horror (D:11)
  Maggie (Lair:1)
  A rime drake (Lair:1)
  A kobold demonologist (D:11)
  4 komodo dragons
  A queen bee (Lair:2)
  6 blink frogs
  3 culicivoras (Lair:2)
  A shadow (D:11)
  2 wraiths (D:11)
  Eustachio (D:5)
  3 basilisks
  2 wyverns
  32 yaks
  Edmund (D:6)
  12 water moccasins
  4 acid dragons
  An orc warrior (D:10)
  5 black bears
  2 ogres (D:5)
  5 wolves (Lair:2)
  4 centaurs
  2 lemures (D:9)
  2 kobold brigands
  A phantom (D:5)
  11 bullfrogs
  4 scorpions
  2 wyvern zombies (D:8)
  3 necrophages (D:8)
  A gnoll sergeant (D:10)
  18 wights
  28 killer bees
  4 electric eels (Lair:2)
  A howler monkey (D:5)
  3 jellies (D:5)
  2 hounds
  A human zombie (D:8)
  A gnoll bouda (D:7)
  3 orc priests
  2 centaur zombies (D:8)
  2 iguanas
  6 orc wizards
  2 mummies (D:8)
  A howler monkey zombie (D:8)
  12 adders
  9 gnolls
  2 white imps
  2 ufetubi
  2 dart slugs
  10 orcs
  8 bats
  2 endoplasms (D:4)
  4 giant cockroaches
  4 goblins
  5 hobgoblins (D:4)
  11 jackals
  6 quokkas
  4 ball pythons
  3 frilled lizards (D:1)
  9 kobolds
  2 rats
297 creatures vanquished.

Vanquished Creatures (collateral kills)
  A wight (D:6)
1 creature vanquished.

Vanquished Creatures (others)
  A wight (D:6)
  A killer bee (D:8)
  47 fungi
  73 plants
122 creatures vanquished.

Grand Total: 420 creatures vanquished

Notes
Turn   | Place    | Note
-------+----------+-------------------------------------------
     0 | D:1      | Flugkiller the Formicid Hunter began the quest for the Orb.
     0 | D:1      | Reached XP level 1. HP: 16/16 MP: 1/1
   101 | D:1      | Reached XP level 2. HP: 23/23 MP: 2/2
   124 | D:1      | Found a faded altar of an unknown god.
   439 | D:1      | Reached XP level 3. HP: 25/29 MP: 3/3
  1820 | D:3      | Found a runed translucent door.
  1823 | D:3      | Noticed qtw55's ghost (amateur KoBr)
  1868 | D:3      | Reached XP level 4. HP: 35/35 MP: 4/4
  1899 | D:3      | Found a runed translucent door.
  1900 | D:3      | Noticed Crazy Yiuf
  1931 | D:3      | Found a broken altar of Ashenzari.
  2186 | D:3      | Reached XP level 5. HP: 42/42 MP: 5/5
  2674 | D:3      | Identified a scroll of acquirement
  2861 | D:4      | Reached skill level 5 in Ranged Weapons
  3018 | D:4      | Reached XP level 6. HP: 39/49 MP: 6/6
  3176 | D:4      | Found a shimmering altar of Xom.
  3209 | D:4      | Found a glowing golden altar of the Shining One.
  3223 | D:4      | Found a snail-covered altar of Cheibriados.
  3226 | D:4      | Noticed Dowan
  3546 | D:4      | Noticed Duvessa
  3566 | D:5      | Entered Level 5 of the Dungeon
  3645 | D:5      | Identified the +3 leather armour of Theory {rPois}
  3697 | D:5      | Noticed Eustachio
  3725 | D:5      | Killed Eustachio
  3726 | D:5      | Reached XP level 7. HP: 44/55 MP: 7/7
  3811 | D:5      | Found a staircase to the Ecumenical Temple.
  4126 | D:5      | Reached XP level 8. HP: 19/61 MP: 8/8
  4761 | Temple   | Entered the Ecumenical Temple
  4846 | Temple   | Became a worshipper of Uskayaw the Reveller
  4896 | D:6      | Reached * piety under Uskayaw
  4963 | D:6      | Reached ** piety under Uskayaw
  6024 | D:5      | Reached skill level 10 in Ranged Weapons
  6024 | D:5      | Reached XP level 9. HP: 67/67 MP: 9/9
  6024 | D:5      | Acquired the +4 tower shield of Sukhedgh {rF++ Str+2}
  6275 | D:6      | Noticed Edmund
  6299 | D:6      | Killed Edmund
  6300 | D:6      | Reached skill level 5 in Fighting
  6814 | D:4      | Found a shadowy altar of Dithmenos.
  7190 | D:7      | Reached skill level 1 in Evocations
  7462 | D:7      | Reached *** piety under Uskayaw
  8355 | D:7      | Found a blossoming altar of Fedhas.
  8839 | D:8      | Reached **** piety under Uskayaw
  8909 | D:8      | Reached skill level 5 in Dodging
  9056 | D:8      | Found a hazy altar of Hepliaklqana.
  9096 | D:8      | Reached XP level 10. HP: 74/76 MP: 10/10
  9101 | D:8      | Reached skill level 1 in Long Blades
  9104 | D:8      | Reached ***** piety under Uskayaw
  9592 | D:8      | Found a basalt altar of Yredelemnul.
  9801 | D:8      | Reached skill level 5 in Evocations
 10097 | D:9      | Found Ilue's Assorted Antiques.
 10108 | D:9      | Bought a yellow potion for 19 gold pieces
 10108 | D:9      | Bought a glowing black potion for 19 gold pieces
 10108 | D:9      | Bought a bone wand for 88 gold pieces
 10258 | D:9      | Noticed a two-headed ogre
 10276 | D:9      | Killed a two-headed ogre
 11193 | D:8      | Reached skill level 5 in Long Blades
 11325 | D:8      | Reached XP level 11. HP: 86/86 MP: 11/11
 11561 | D:9      | Found a glowing silver altar of Zin.
 11809 | D:9      | Noticed Pikel
 11824 | D:9      | Killed Pikel
 11848 | D:10     | Entered Level 10 of the Dungeon
 11857 | D:10     | Identified the +1 leather armour "Xaosk" {rC+ Str-3 Dex+2}
 12420 | D:10     | Found a sacrificial altar of Ru.
 12953 | D:10     | Noticed Erolcha
 12971 | D:10     | Killed Erolcha
 13334 | D:11     | Noticed a boulder beetle
 13335 | D:11     | Noticed a cyclops
 13747 | D:11     | Killed a cyclops
 14058 | D:11     | Found a staircase to the Lair.
 14256 | D:11     | Reached XP level 12. HP: 96/96 MP: 12/12
 14427 | D:11     | HP: 3/97 [boulder beetle (12)]
 14438 | D:11     | Killed a boulder beetle
 15267 | Lair:1   | Entered Level 1 of the Lair of Beasts
 15334 | Lair:1   | Got the Spellbook of Breezy Conjuration
 15546 | Lair:1   | Reached skill level 1 in Shields
 15601 | Lair:1   | Reached skill level 10 in Fighting
 15852 | Lair:1   | Noticed Maggie
 15860 | Lair:1   | Killed Maggie
 16240 | Lair:1   | Identified the +0 pair of boots of Defiance {rPois Regen+
                  | MP+9}
 16819 | Lair:1   | Noticed a deep troll
 16827 | Lair:1   | Killed a deep troll
 16828 | Lair:1   | Reached skill level 10 in Long Blades
 17670 | Lair:2   | Found a hole to the Spider Nest.
 18608 | Lair:2   | Reached skill level 5 in Shields
 18791 | Lair:2   | Reached XP level 13. HP: 91/104 MP: 13/13
 18885 | Lair:2   | Reached ****** piety under Uskayaw
 19491 | Lair:3   | Noticed Amaemon
 19527 | Lair:3   | Noticed a seven-headed hydra
 19534 | Lair:3   | Noticed a catoblepas
 19537 | Lair:3   | Killed a seven-headed hydra
 19810 | Lair:3   | Found a staircase to the Shoals.
 20188 | Lair:3   | Slain by a catoblepas

Illustrated notes

Levels and vault maps discovered:
D:1:      dpeg_arrival_renting, layout_loops_corners,
          shapermc_ecumenical_altar_venn, minmay_splitting_lines
D:2:      layout_loops_corners, hangedman_decor_points
D:3:      layout_basic, mainiacjoe_overflow_boulevard,
          hellmonk_ghost_happy_afterlife, uniq_crazy_yiuf_cottage
D:4:      layout_basic, nicolae_overflow_quartered_altars, serial_aquarium,
          aquarium_bridge_straight [aquarium_subvault_bridge,
          aquarium_subvault_wall, aquarium_subvault_bridge,
          aquarium_subvault_wall], aquarium_window_1, aquarium_window_corner,
          aquarium_window_corner, aquarium_window_1, aquarium_view_2e,
          aquarium_view_4, uniq_duvessa
D:5:      layout_basic, minmay_temple_entry_stoned_glass, uniq_eustachio
D:6:      layout_basic, minivault_25, ebering_dispersal_statue_hall,
          grunt_ministairs_6, uniq_edmund
D:7:      layout_gridville, general_overflow_altar
D:8:      layout_loops_ring, lemuel_mausoleum_altar_yredelemnul,
          nzn_hepliaklqana_mist_gate, minivault_24
D:9:      layout_roguey, zin_treasury, serial_shops, shop, uniq_pikel
D:10:     layout_cave_pods, kennysheep_mini, uniq_erolcha
D:11:     layout_roguey, due_lair_maze_entry_diamond, wad_rectangle_vault
Temple:   nicolae_temple_slightly_damp_pantheon
Lair:1:   dreamdust_cave_troll, layout_layer_cave, grunt_forest_stairs_basic,
          uniq_maggie
Lair:2:   layout_roguey [special_room_bee],
          hellmonk_spider_entry_life_and_decay, serial_bayou,
          serial_bayou_ford_a, serial_bayou_crossing, serial_bayou_pond_c,
          serial_bayou_shore_b, wad_woods_road_01,
          eino_small_chamber_without_monster, amcnicky_mini_pool_medium
Lair:3:   layout_hall_layers, elwin_shoals_entry_rocks,
          nicolae_volcano_entry_two_sided, uniq_amaemon, uniq_gastronok

Skill      XL: |  1  2  3  4  5  6  7  8  9 10 11 12 13 |
---------------+----------------------------------------+-----
Fighting       | 3 4 6 8 9 10 11 | 11.0
Dodging        | 2 3 5 6 7 8 9 |  9.1
Ranged Weapons | 5 6 7 10 | 10.2
Evocations     | 4 5 6 |  6.0
Long Blades    | 5 8 10 11 | 11.3
Shields        | 5 6 |  6.0
Stealth        | |  1.2

Action                   |  1- 3 |  4- 6 |  7- 9 | 10-12 | 13-15 || total
-------------------------+-------+-------+-------+-------+-------++-------
Melee: Short sword       |       |     3 |       |       |       ||     3
       Great sword       |       |       |       |   375 |    82 ||   457
       Punch             |       |       |       |     3 |       ||     3
       Rapier            |       |       |       |       |     2 ||     2
 Fire: Shortbow          |    81 |   117 |   339 |   154 |       ||   691
Invok: Stomp             |       |       |       |     2 |       ||     2
 Abil: Dig               |       |     1 |       |       |       ||     1
Evoke: Wand              |       |       |    10 |    22 |     5 ||    37
  Use: Potion            |     1 |     1 |     1 |     4 |       ||     7
       Scroll            |       |     5 |     8 |     7 |     3 ||    23
 Stab: Paralysed         |       |       |       |    10 |     5 ||    15
       Sleeping          |       |       |       |     3 |     1 ||     4
Armor: Leather armour    |    13 |    29 |    43 |   101 |    24 ||   210
Dodge: Dodged            |    25 |    60 |   149 |   374 |    49 ||   657
Block: Tower shield      |       |       |       |   210 |   134 ||   344

Table legend: (Time is in decaauts)
 A = Elapsed time spent in this place.
 B = Non-inter-level travel time spent in this place.
 C = Inter-level travel time spent in this place.
 D = Time resting spent in this place.
 E = Time spent auto-exploring this place.
 F = Levels seen in this place.
 G = Mean time per level.
                   A        B        C        D        E       F      G
               +--------+--------+--------+--------+--------+-----+--------+
         Total |  20508 |  19428 |   1080 |   7519 |   8722 |  15 | 1367.2 |
       Dungeon |  15341 |  14433 |    908 |   5067 |   7035 |  11 | 1394.6 |
        Temple |     95 |     66 |     29 |      0 |     58 |   1 |   95.0 |
          Lair |   5070 |   4928 |    142 |   2452 |   1629 |   3 | 1690.0 |
               +--------+--------+--------+--------+--------+-----+--------+

Top non-repeatable levels by time:
  Lair:1: 2690 daAuts
  Lair:2: 2265 daAuts
     D:8: 2112 daAuts
     D:6: 1728 daAuts
     D:5: 1681 daAuts
    D:11: 1512 daAuts
    D:10: 1481 daAuts
     D:9: 1446 daAuts
     D:7: 1430 daAuts
     D:3: 1115 daAuts
     D:1: 1049 daAuts
     D:4: 1019 daAuts
     D:2: 764 daAuts
  Lair:3: 114 daAuts
  Temple: 95 daAuts
